[Event "Titled Tuesday Blitz May 9 Early 2023"]
[White "Ismagilov, Damir"]
[Black "Fan_Of_Chucky"]
[WhiteFideId "34199982"]
[WhiteElo "2143"]
[BlackElo "2411"]
[Result "1-0"]
[Round "04"]
[TimeControl "180+2"]
[Date "2023.05.09"]
[WhiteClock "0:00:16"]
[BlackClock "0:00:00"]

1. d4 Nf6 2. c4 c5 3. d5 b5 4. cxb5 a6 5. bxa6 g6 6. Nc3 Bg7 7. e4 O-O 8. a7 Rxa7 9. Be2 e6 10. Nf3 exd5 11. exd5 d6 12. O-O Na6 13. h3 Re8 14. Bf4 Ne4 15. Nb5 Rd7 16. Qc1 Nc7 17. Rd1 Nxf2 18. Nxc7 Rxe2 19. Rd2 Nd3 20. Rxd3 Bxb2 21. Qd1 Bxa1 22. Qxe2 Rxc7 23. Re3 Bd7 24. Bxd6 Ra7 25. Bxc5 Ra5 26. Bd4 Bb5 27. Qd2 Bxd4 28. Nxd4 1-0


[Site "https://www.chess.com"]

[Event "Titled Tuesday Blitz May 9 Early 2023"]
[White "Skliarov, Viktor"]
[Black "Korpics, Zsolt"]
[WhiteFideId "14106736"]
[BlackFideId "705241"]
[WhiteElo "2317"]
[BlackElo "2358"]
[Result "1/2-1/2"]
[Round "04"]
[TimeControl "180+2"]
[Date "2023.05.09"]
[WhiteClock "0:00:09"]
[BlackClock "0:00:09"]

1. e4 c5 2. Nf3 e6 3. c3 Nf6 4. Bd3 d5 5. e5 Nfd7 6. Bc2 Nc6 7. d4 Be7 8. O-O b5 9. Re1 a5 10. Nbd2 Ba6 11. dxc5 Nxc5 12. Nb3 a4 13. Nbd4 Nxd4 14. Nxd4 Qc7 15. Qg4 g6 16. Bh6 a3 17. b4 Nd7 18. Nxe6 fxe6 19. Qxe6 Qb6 20. Qxd5 Bb7 21. Qd1 O-O-O 22. e6 Nf6 23. Qe2 Qc6 24. f3 Kb8 25. Bd3 Nd5 26. Bxb5 Nxc3 27. Qe5+ Bd6 28. Bxc6 Bxe5 29. Bxb7 Bd4+ 30. Be3 Kxb7 31. Bxd4 Rxd4 32. Re3 Nd5 33. Rxa3 Nxb4 34. Re1 Rb8 35. e7 Re8 36. Rb3 Kc7 37. a3 Nc6 38. Rc3 Kd7 39. Rec1 Nxe7 40. Rc7+ Ke6 41. Re1+ Kf7 42. Ra7 Rd6 43. a4 Re6 44. Rxe6 Kxe6 45. Kf2 h6 46. h4 Nc6 47. Ra6 Kd5 48. g4 Re6 49. Ra8 Kc5 50. Rh8 g5 51. hxg5 hxg5 52. Rg8 Re5 53. f4 gxf4 54. Kf3 Re1 55. Kxf4 1/2-1/2


[Site "https://www.chess.com"]

[Event "Titled Tuesday Blitz May 9 Early 2023"]
[White "Reprintsev, Alexander"]
[Black "Lopez Del Alamo, Antonio"]
[WhiteFideId "14100541"]
[BlackFideId "2227339"]
[WhiteElo "2218"]
[BlackElo "2175"]
[Result "1-0"]
[Round "04"]
[TimeControl "180+2"]
[Date "2023.05.09"]
[WhiteClock "0:02:01"]
[BlackClock "0:00:03"]

1. e4 c5 2. b3 e6 3. Qe2 a6 4. Bb2 Nc6 5. g3 d6 6. Bg2 Nf6 7. Nh3 Be7 8. O-O O-O 9. f4 Qc7 10. d3 b5 11. Nd2 Bb7 12. Nf3 Rfe8 13. c4 d5 14. cxd5 exd5 15. e5 Nd7 16. Nfg5 h6 17. Nxf7 Kxf7 18. Bxd5+ Kf8 19. Ng5 Bxg5 20. fxg5+ Nf6 21. gxf6 Nd4 22. fxg7+ Kxg7 23. Qg4+ Kh8 24. Bxb7 Qxb7 25. Bxd4 cxd4 26. Qxd4 Rad8 27. Qe3 Qc6 28. d4 Rf8 29. e6 Rxf1+ 30. Rxf1 1-0


[Site "https://www.chess.com"]

[Event "Titled Tuesday Blitz May 9 Early 2023"]
[White "Danielyan, Vahe"]
[Black "Hoffmann, Asa"]
[WhiteFideId "13304828"]
[BlackFideId "2001470"]
[WhiteElo "2423"]
[BlackElo "2117"]
[Result "1-0"]
[Round "04"]
[TimeControl "180+2"]
[Date "2023.05.09"]
[WhiteClock "0:01:48"]
[BlackClock "0:01:21"]

1. d4 Nf6 2. c4 c5 3. d5 e5 4. Nc3 d6 5. e4 Be7 6. h3 Nbd7 7. g4 Nf8 8. Bd3 Ng6 9. Nge2 h6 10. Qc2 Nh4 11. Ng1 a6 12. Be3 Nh7 13. O-O-O Bg5 14. Kb1 Qf6 15. Nge2 Nf3 16. Ng3 Nd4 17. Bxd4 cxd4 18. Na4 Bd7 19. Nb6 Rd8 20. Nh5 Qg6 21. f4 Bxf4 22. Nxf4 exf4 23. e5 Qg5 24. Bxh7 dxe5 25. Be4 O-O 26. c5 f5 27. Nxd7 fxe4 28. Nxf8 d3 29. Qc4 Rxf8 30. Qxe4 f3 31. Rxd3 f2 32. Rf1 Rf4 33. Qe3 Qf6 34. d6 e4 35. d7 exd3 36. Qxf4 Qxf4 37. d8=Q+ 1-0


[Site "https://www.chess.com"]

[Event "Titled Tuesday Blitz May 9 Early 2023"]
[White "Mrudul Dehankar"]
[Black "Kejzar, Petra"]
[WhiteFideId "25096990"]
[BlackFideId "14610213"]
[WhiteElo "2139"]
[BlackElo "2089"]
[Result "1-0"]
[Round "04"]
[TimeControl "180+2"]
[Date "2023.05.09"]
[WhiteClock "0:00:13"]
[BlackClock "0:00:20"]

1. e4 e5 2. Nf3 Nc6 3. Bb5 a6 4. Ba4 Bc5 5. c3 Nge7 6. O-O Ng6 7. d4 exd4 8. cxd4 Ba7 9. Nc3 O-O 10. Bg5 f6 11. Be3 d6 12. h3 Kh8 13. Bc2 Nce7 14. Rc1 Be6 15. Nd2 f5 16. d5 Bd7 17. Bxa7 Rxa7 18. Nf3 f4 19. Qd4 Ra8 20. Rfe1 Ne5 21. Nxe5 dxe5 22. Qxe5 Ng6 23. Qh5 f3 24. e5 Be8 25. g3 Kg8 26. Rcd1 Qd7 27. d6 Qe6 28. Bb3 Qxb3 29. axb3 cxd6 30. exd6 Rd8 31. Qd5+ Kh8 32. Ne4 Bc6 33. Qh5 Bxe4 34. Rxe4 Rf6 35. d7 Rff8 36. Qg5 b5 37. h4 Rg8 38. Qxd8 Rxd8 39. Re8+ Nf8 40. Rxd8 Kg8 41. Rxf8+ Kxf8 42. d8=Q+ Kf7 43. Rd7+ Kg6 44. Qe8+ Kh6 45. Rd6+ g6 46. Qf8+ Kh5 47. Rd5+ Kg4 48. Kh2 g5 49. Rxg5# 1-0


[Site "https://www.chess.com"]

[Event "Titled Tuesday Blitz May 9 Early 2023"]
[White "Moore, Nicholas"]
[Black "Kalajzic, Ivan"]
[WhiteFideId "4303709"]
[BlackFideId "14506378"]
[WhiteElo "2526"]
[BlackElo "2203"]
[Result "1-0"]
[Round "04"]
[TimeControl "180+2"]
[Date "2023.05.09"]
[WhiteClock "0:00:59"]
[BlackClock "0:00:18"]

1. d4 Nc6 2. c4 e5 3. d5 Nce7 4. g3 f5 5. Bg2 Nf6 6. Nc3 d6 7. e4 g6 8. Bg5 Bg7 9. Qd2 O-O 10. Nge2 Bd7 11. O-O Kh8 12. b4 Neg8 13. c5 h6 14. Be3 g5 15. exf5 Bxf5 16. f4 exf4 17. gxf4 g4 18. Nd4 Nh5 19. Nxf5 Rxf5 20. Be4 Ne7 21. Rad1 Qd7 22. Ne2 Rg8 23. Ng3 Nxg3 24. hxg3 Rff8 25. Kg2 Nf5 26. Bf2 Re8 27. Qd3 Rxe4 28. Qxe4 Re8 29. Qd3 Qf7 30. Rde1 Rf8 31. Re6 Qh5 32. Rh1 Qf7 33. Qe2 dxc5 34. bxc5 Qd7 35. Qe4 Qb5 36. Rh5 Nxg3 37. Rhxh6+ Kg8 38. Qh7+ Kf7 39. Rhf6# 1-0


[Site "https://www.chess.com"]

[Event "Titled Tuesday Blitz May 9 Early 2023"]
[White "Rian, Kapriaga"]
[Black "Hayrapetyan, Hovik"]
[WhiteFideId "7103263"]
[BlackFideId "13302639"]
[WhiteElo "2300"]
[BlackElo "2348"]
[Result "1-0"]
[Round "04"]
[TimeControl "180+2"]
[Date "2023.05.09"]
[WhiteClock "0:00:04"]
[BlackClock "0:00:00"]

1. d4 Nf6 2. Nf3 d5 3. Bf4 c5 4. e3 Nc6 5. Nbd2 Bf5 6. c3 e6 7. Bb5 Nd7 8. O-O a6 9. Bxc6 bxc6 10. Qa4 Qb6 11. b4 c4 12. e4 dxe4 13. Ng5 Qb5 14. Qd1 Be7 15. Ngxe4 O-O 16. Bd6 Rfe8 17. Bxe7 Bxe4 18. Nxe4 Rxe7 19. Qe2 Qd5 20. Nd2 Nb6 21. f4 a5 22. a3 Rea7 23. bxa5 Rxa5 24. Rab1 Rb5 25. f5 exf5 26. Rb4 g6 27. h4 h5 28. Qe3 Kg7 29. Nf3 Rxa3 30. Ne5 Rxb4 31. Rxf5 1-0


[Site "https://www.chess.com"]

[Event "Titled Tuesday Blitz May 9 Early 2023"]
[White "Atakhan, Abtin"]
[Black "Vivas Zamora, Fabian Ernesto"]
[WhiteFideId "22502203"]
[BlackFideId "3902480"]
[WhiteElo "2008"]
[BlackElo "2244"]
[Result "1/2-1/2"]
[Round "04"]
[TimeControl "180+2"]
[Date "2023.05.09"]
[WhiteClock "0:01:06"]
[BlackClock "0:00:04"]

1. Nf3 Nf6 2. b3 g6 3. Bb2 Bg7 4. g3 O-O 5. Bg2 d5 6. O-O Nc6 7. d4 Ne4 8. Nbd2 Bf5 9. e3 Nxd2 10. Qxd2 Be4 11. c4 e5 12. Nxe5 Nxe5 13. dxe5 Bxg2 14. Kxg2 dxc4 15. Qxd8 Raxd8 16. bxc4 Rd2 17. Bc3 Rd3 18. Bd4 b6 19. c5 bxc5 20. Bxc5 Bxe5 21. Rab1 Rfd8 22. Bxa7 Ra3 23. Bb8 Rxa2 24. Rb7 Rd3 25. Kf3 Rc3 26. Ke4 Bd6 27. Ba7 Ra4+ 28. Bd4 c5 29. Ra7 Rxa7 30. Bxc3 Bf8 31. Rb1 Re7+ 32. Kd3 Rd7+ 33. Kc4 f5 34. Rb8 Kf7 35. h4 h5 36. Rb6 Be7 37. Rc6 Ra7 38. Kb3 Rb7+ 39. Kc2 Ra7 40. Bb2 Rd7 41. Rb6 Ra7 42. Kb3 Rd7 43. Bc3 Rd1 44. Kc4 Rf1 45. Rb2 Rg1 46. Kd5 Rc1 47. Be5 Rd1+ 48. Kc6 c4 49. Rb7 Ke6 50. Bc3 Rc1 51. Bb4 Bxb4 52. Rxb4 Rc2 53. f4 Rc3 54. Kc5 Rxe3 55. Rb6+ Kf7 56. Kxc4 Rxg3 57. Kd4 Rg4 58. Ke5 Rxh4 59. Rb7+ Kg8 60. Kf6 Rg4 61. Rb8+ Kh7 62. Rb7+ Kg8 63. Rb8+ Kh7 64. Rb7+ Kh6 65. Rb8 Kh7 1/2-1/2


[Site "https://www.chess.com"]

[Event "Titled Tuesday Blitz May 9 Early 2023"]
[White "Starozhilov, Leonid"]
[Black "Balla, Tamas-Kristof"]
[WhiteFideId "14106752"]
[BlackFideId "1208497"]
[WhiteElo "2352"]
[BlackElo "2334"]
[Result "1-0"]
[Round "04"]
[TimeControl "180+2"]
[Date "2023.05.09"]
[WhiteClock "0:01:14"]
[BlackClock "0:00:19"]

1. e4 c5 2. Nf3 Nc6 3. Bb5 Nf6 4. Nc3 Nd4 5. a4 a6 6. Bc4 d6 7. h3 g6 8. d3 Bg7 9. O-O e5 10. Bg5 Be6 11. Nd5 O-O 12. c3 Nc6 13. b4 cxb4 14. cxb4 Bxd5 15. exd5 Nxb4 16. a5 Qc7 17. Qb3 Qc5 18. Be3 Qc8 19. Qxb4 e4 20. dxe4 Nxe4 21. Bxa6 Rxa6 22. Qxe4 Re8 23. Qa4 Bxa1 24. Qxa1 Qc4 25. Bh6 1-0


[Site "https://www.chess.com"]

[Event "Titled Tuesday Blitz May 9 Early 2023"]
[White "Khromkin"]
[Black "Mitusov, Semen"]
[BlackFideId "14151049"]
[WhiteElo "2411"]
[BlackElo "2389"]
[Result "0-1"]
[Round "04"]
[TimeControl "180+2"]
[Date "2023.05.09"]
[WhiteClock "0:02:21"]
[BlackClock "0:02:28"]

1. d4 d5 2. c4 e6 3. Nc3 c6 4. cxd5 exd5 5. Qc2 Bd6 6. Nf3 Ne7 7. Bg5 f6 8. Bh4 Bf5 9. Qb3 Qb6 10. e3 Qxb3 11. axb3 Nd7 12. b4 Bxb4 13. Bg3 O-O 14. Nd2 a5 15. f3 Bg6 16. Kf2 Nf5 17. Na4 Bxd2 0-1


[Site "https://www.chess.com"]

[Event "Titled Tuesday Blitz May 9 Early 2023"]
[White "Aaditya Dhingra"]
[Black "Chan, Kim Yew"]
[WhiteFideId "25678191"]
[BlackFideId "5717981"]
[WhiteElo "2083"]
[BlackElo "2206"]
[Result "0-1"]
[Round "04"]
[TimeControl "180+2"]
[Date "2023.05.09"]
[WhiteClock "0:00:00"]
[BlackClock "0:00:02"]

1. Nf3 Nf6 2. c4 c5 3. b3 d5 4. cxd5 Nxd5 5. Bb2 Nc6 6. g3 Bg4 7. Bg2 Qd7 8. Qc1 e6 9. Nc3 Rc8 10. Nxd5 exd5 11. O-O d4 12. d3 Be7 13. Qd2 O-O 14. Rfc1 Rfe8 15. a3 Bh3 16. Qc2 Bxg2 17. Kxg2 Bf8 18. Re1 b6 19. Rac1 Qd5 20. Kg1 Re6 21. b4 cxb4 22. axb4 Bxb4 23. Red1 Bf8 24. Kf1 Ree8 25. Qa4 b5 26. Qa6 Nb4 27. Qxa7 Qb3 28. Qxd4 Nc2 29. Rxc2 Qxc2 30. Rd2 Qa4 31. Qd7 Qa6 32. Kg2 Qe6 33. Qxb5 Rb8 34. Qh5 Rbd8 35. h4 Qg6 36. Qxg6 hxg6 37. e4 Re7 38. Kf1 Red7 39. Ke2 Bb4 40. Rd1 f6 41. d4 Ba5 42. Ke3 Bb6 43. Nh2 Rb7 44. Bc3 Rc7 45. Bb2 Rc2 46. Ba1 Ra2 47. Nf3 Ra3+ 48. Ke2 Ra2+ 49. Kf1 Ra3 50. Kg2 Ra2 51. Bc3 Ra3 52. Be1 Ra2 53. d5 Ra4 54. Rb1 Bc5 55. Rb5 Bf8 56. Nd2 Rd4 57. f3 Bb4 0-1


[Site "https://www.chess.com"]

[Event "Titled Tuesday Blitz May 9 Early 2023"]
[White "Jeet, Jain"]
[Black "Szyszylo, Rafal"]
[WhiteFideId "5073022"]
[BlackFideId "1109626"]
[WhiteElo "2067"]
[BlackElo "1951"]
[Result "0-1"]
[Round "04"]
[TimeControl "180+2"]
[Date "2023.05.09"]
[WhiteClock "0:01:35"]
[BlackClock "0:01:33"]

1. Nf3 d6 2. b3 Nf6 3. Bb2 Nbd7 4. g3 g6 5. d3 Bg7 6. Bg2 O-O 7. O-O e5 8. Nbd2 Re8 9. e4 c5 10. h3 a6 11. Ne1 b5 12. f4 b4 13. a4 Nh5 14. Kh2 Nxg3 15. Kxg3 exf4+ 16. Kh2 Bxb2 17. Rb1 Be5 18. Nef3 Nf6 19. Nc4 Nh5 20. Re1 Qf6 21. Qd2 Be6 22. Ncxe5 dxe5 23. Qf2 Rac8 24. Rg1 Ng3 25. Bf1 h5 26. Be2 Kg7 27. Ne1 g5 28. Ng2 Rh8 29. Ne1 a5 30. Nf3 g4 31. Nd2 Kf8 32. Nf1 Nxf1+ 33. Bxf1 g3+ 0-1


[Site "https://www.chess.com"]

[Event "Titled Tuesday Blitz May 9 Early 2023"]
[White "Tarasova, Viktoriya"]
[Black "Rostomyan, Mikayel"]
[WhiteFideId "4175840"]
[BlackFideId "13313754"]
[WhiteElo "2182"]
[BlackElo "2061"]
[Result "0-1"]
[Round "04"]
[TimeControl "180+2"]
[Date "2023.05.09"]
[WhiteClock "0:00:09"]
[BlackClock "0:00:08"]

1. d4 Nf6 2. c4 c5 3. d5 b5 4. cxb5 a6 5. bxa6 e6 6. Nc3 exd5 7. Nxd5 Nxa6 8. Nf3 Bb7 9. e4 Nxe4 10. Bc4 Qa5+ 11. Nd2 Nc7 12. O-O Bxd5 13. Bxd5 Nxd5 14. Nxe4 Nc7 15. Bf4 Ne6 16. Bd6 Qa4 17. Qd5 Qc6 18. Qe5 f6 19. Qg3 Qxe4 20. Rfe1 Qc6 21. Bxf8 Kxf8 22. Rad1 Re8 23. Rd6 Qb7 24. Qd3 Re7 25. Rd1 Kf7 26. Rxd7 Rxd7 27. Qxd7+ Qxd7 28. Rxd7+ Kg6 29. Rd6 Re8 30. f3 Nd4 31. Rd5 Re1+ 32. Kf2 Re2+ 33. Kg3 Rxb2 34. Rxc5 Nf5+ 35. Kh3 Rxa2 36. g4 Ne3 37. Rc1 Nd5 38. Kg3 Ra4 39. h4 Kf7 40. Rc5 Ne7 41. Rc7 Rd4 42. h5 h6 43. Kf2 Rd5 44. Ke3 f5 45. Kf4 fxg4 46. fxg4 Kf6 47. Kg3 Rd3+ 48. Kh4 Rd6 49. Rc3 Nd5 50. Rf3+ Ke6 51. g5 Ke7 52. gxh6 gxh6 53. Rg3 Kf7 54. Rf3+ Nf6 55. Rf1 Rd5 56. Kg3 Rxh5 57. Ra1 Rg5+ 58. Kh4 Kg6 59. Ra6 Rc5 60. Ra8 Rc4+ 61. Kh3 Kf5 62. Rf8 h5 63. Rf7 Kg6 64. Rf8 Kg5 65. Rf7 Rc3+ 66. Kh2 Ng4+ 67. Kg2 Kh4 68. Rf8 Rc2+ 69. Kg1 Kg3 70. Ra8 Rc1# 0-1


[Site "https://www.chess.com"]

[Event "Titled Tuesday Blitz May 9 Early 2023"]
[White "Pasti, Aron"]
[Black "Kim, Sergey"]
[WhiteFideId "785857"]
[BlackFideId "13700570"]
[WhiteElo "2173"]
[BlackElo "2605"]
[Result "0-1"]
[Round "04"]
[TimeControl "180+2"]
[Date "2023.05.09"]
[WhiteClock "0:00:00"]
[BlackClock "0:00:10"]

1. e4 e5 2. Nf3 Nc6 3. Bb5 a6 4. Ba4 Nf6 5. O-O b5 6. Bb3 Bc5 7. c3 d6 8. d4 Bb6 9. a4 Bb7 10. a5 Ba7 11. Be3 O-O 12. Nbd2 h6 13. h3 Re8 14. Re1 exd4 15. cxd4 Nb4 16. e5 Nfd5 17. Nf1 c5 18. dxc5 dxc5 19. Bd2 Nd3 20. Re2 c4 21. Bc2 N5f4 22. Bxf4 Nxf4 23. Rd2 Qc8 24. Ng3 Nxh3+ 25. gxh3 Qxh3 26. Ne4 Qg4+ 27. Kf1 Bxe4 28. Bxe4 Qxe4 29. Rd7 Qf5 30. Qd5 Qh3+ 31. Ke2 Qe6 32. Rd1 Qxd5 33. R1xd5 Bb8 34. Kf1 Ra7 35. Rxa7 Bxa7 36. Rd6 Re6 37. Rd8+ Kh7 38. Rd7 Bc5 39. Rxf7 Rc6 40. Nh4 Kg8 41. Rd7 b4 42. Nf5 c3 43. bxc3 bxc3 44. Rxg7+ Kf8 45. Rg3 Bb4 46. e6 c2 47. e7+ Bxe7 0-1


[Site "https://www.chess.com"]

[Event "Titled Tuesday Blitz May 9 Early 2023"]
[White "Mika, Tomasz"]
[Black "Sourath Biswas"]
[WhiteFideId "1132970"]
[BlackFideId "35091484"]
[WhiteElo "2179"]
[BlackElo "2171"]
[Result "0-1"]
[Round "04"]
[TimeControl "180+2"]
[Date "2023.05.09"]
[WhiteClock "0:00:02"]
[BlackClock "0:00:42"]

1. d4 Nf6 2. Bf4 d5 3. Nf3 c5 4. e3 Nc6 5. Nbd2 Qb6 6. dxc5 Qxb2 7. Rb1 Qc3 8. Bb5 g6 9. e4 Bg7 10. Be5 Qa5 11. exd5 a6 12. dxc6 axb5 13. cxb7 Bxb7 14. O-O O-O 15. Nc4 Bxf3 16. Nxa5 Bxd1 17. Nc6 Bxc2 18. Nxe7+ Kh8 19. Rb2 Bd3 20. Rd1 Rfe8 21. Bd6 Ne4 22. Rb3 Bc4 23. Re3 Nc3 24. Rde1 Be6 25. c6 Ra6 26. a3 Bf6 27. c7 Rxd6 28. c8=Q Rxc8 29. Nxc8 Ra6 30. Rxc3 Bxc3 31. Rc1 Bb2 32. Rd1 0-1


[Site "https://www.chess.com"]

[Event "Titled Tuesday Blitz May 9 Early 2023"]
[White "Akash G"]
[Black "LeoLV10"]
[WhiteFideId "5040299"]
[WhiteElo "2395"]
[BlackElo "2393"]
[Result "1-0"]
[Round "04"]
[TimeControl "180+2"]
[Date "2023.05.09"]
[WhiteClock "0:00:42"]
[BlackClock "0:00:00"]

1. d4 Nf6 2. Nf3 e6 3. Bf4 d5 4. e3 Bd6 5. Ne5 a6 6. Bd3 Nbd7 7. O-O h6 8. Nd2 Nb6 9. Qf3 c5 10. dxc5 Bxc5 11. e4 dxe4 12. Nxe4 Nxe4 13. Bxe4 O-O 14. Bxb7 Bxb7 15. Qxb7 Nd5 16. Bg3 Rb8 17. Qxa6 Rxb2 18. Nd3 Rxc2 19. Rac1 Rxc1 20. Rxc1 Nb4 21. Nxb4 Bxb4 22. h3 Qd2 23. Qc4 Be7 24. Kh2 Bf6 25. a4 Qa5 26. Qb5 Qd2 27. Rc7 Ra8 28. Qc6 Qa5 29. Qd7 Qxa4 30. Qxf7+ Kh7 31. Qxe6 Qd4 32. Rd7 Qa1 33. h4 Ra5 34. Qe4+ 1-0


[Site "https://www.chess.com"]

[Event "Titled Tuesday Blitz May 9 Early 2023"]
[White "Gontcharov, Vladislav"]
[Black "Mazurkiewicz, Michal"]
[WhiteFideId "4123492"]
[BlackFideId "1124943"]
[WhiteElo "2420"]
[BlackElo "2054"]
[Result "1-0"]
[Round "04"]
[TimeControl "180+2"]
[Date "2023.05.09"]
[WhiteClock "0:01:07"]
[BlackClock "0:00:00"]

1. d4 Nf6 2. c4 e5 3. dxe5 Ng4 4. Nf3 Bc5 5. e3 Nc6 6. Nc3 O-O 7. Bd3 Re8 8. O-O Ncxe5 9. Nxe5 Nxe5 10. Be2 a5 11. b3 Ra6 12. Bb2 Rh6 13. g3 d6 14. Na4 Ba7 15. Bd4 Bxd4 16. exd4 Nc6 17. d5 Ne5 18. f4 Ng6 19. Qd2 b6 20. Rfe1 Bd7 21. Nc3 Ne7 22. Bd3 Rf8 23. Re3 Nf5 24. Bxf5 Bxf5 25. Rae1 Qc8 26. Ne2 Bg4 27. Nd4 Bh5 28. Re7 Qh3 29. Qg2 Qg4 30. h3 Qc8 31. g4 Bg6 32. f5 Kh8 33. fxg6 fxg6 34. Ne6 Rg8 35. Rxc7 1-0


[Site "https://www.chess.com"]

[Event "Titled Tuesday Blitz May 9 Early 2023"]
[White "Shaik Sumer Arsh"]
[Black "Gvanceladze, Anna"]
[WhiteFideId "45020000"]
[BlackFideId "4113721"]
[WhiteElo "2350"]
[BlackElo "2025"]
[Result "1-0"]
[Round "04"]
[TimeControl "180+2"]
[Date "2023.05.09"]
[WhiteClock "0:00:37"]
[BlackClock "0:00:00"]

1. d4 d5 2. c4 c6 3. Nc3 Nf6 4. cxd5 cxd5 5. Bf4 Nc6 6. e3 a6 7. Be2 Bf5 8. Nf3 e6 9. Qb3 Bb4 10. Ne5 Bxc3+ 11. bxc3 Nxe5 12. Bxe5 Ra7 13. O-O O-O 14. a4 Ne4 15. Rfd1 f6 16. Bf4 g5 17. Bg3 Qa5 18. Rac1 Rc8 19. c4 b5 20. axb5 axb5 21. cxd5 Rxc1 22. Rxc1 Nd2 23. Qxb5 exd5 24. Qe8+ Kg7 25. h4 Ne4 26. hxg5 Nxg5 27. Bd6 Rf7 28. Bh5 Bg6 29. Bxg6 hxg6 30. Rc8 Qe1+ 31. Kh2 Kh6 32. Qh8+ Rh7 33. Qxf6 Qe2 34. Bf8+ Kh5 35. Qf4 Rf7 36. g4+ Qxg4 37. Qxg4+ Kxg4 38. f4 Nf3+ 39. Kg2 Rh7 40. Bd6 Rh1 41. Kxh1 1-0


[Site "https://www.chess.com"]

[Event "Titled Tuesday Blitz May 9 Early 2023"]
[White "Marcziter, Dmitrii"]
[Black "Janaszak, Dawid"]
[WhiteFideId "13900765"]
[BlackFideId "1119206"]
[WhiteElo "2162"]
[BlackElo "2220"]
[Result "0-1"]
[Round "04"]
[TimeControl "180+2"]
[Date "2023.05.09"]
[WhiteClock "0:00:00"]
[BlackClock "0:00:07"]

1. d4 d5 2. Nf3 c5 3. e3 Nc6 4. c4 e6 5. cxd5 exd5 6. Nc3 Nf6 7. Bb5 cxd4 8. Nxd4 Bd7 9. O-O Bd6 10. g3 O-O 11. Re1 Qe7 12. Bf1 Ne5 13. Bg2 Rad8 14. b3 Bg4 15. f3 Bc8 16. Ncb5 Bb4 17. Bd2 a6 18. Nc3 Rfe8 19. Na4 Nc6 20. Nb6 Ba3 21. Nxc8 Rxc8 22. Bc3 Ne5 23. Qd2 Qc5 24. Ne2 Ned7 25. b4 Qb6 26. Rab1 Qxe3+ 27. Qxe3 Rxe3 28. Rb3 d4 29. Bxd4 Rxb3 30. axb3 Bxb4 31. Rd1 Bc5 32. f4 b5 33. Bb7 Re8 34. Nc3 b4 35. Na4 Bxd4+ 36. Rxd4 a5 37. Bc6 Re7 38. Nb6 Nxb6 39. Rd8+ Ne8 40. Bxe8 g6 41. Rb8 Kg7 42. Bc6 Re1+ 43. Kf2 Rb1 44. Rxb6 Rb2+ 45. Kg1 Rxb3 46. Ra6 Rc3 47. Bd5 Rc5 0-1


[Site "https://www.chess.com"]

[Event "Titled Tuesday Blitz May 9 Early 2023"]
[White "Andrews, Todd"]
[Black "Brunner, Nicolas"]
[WhiteFideId "2012456"]
[BlackFideId "620246"]
[WhiteElo "2173"]
[BlackElo "2327"]
[Result "0-1"]
[Round "04"]
[TimeControl "180+2"]
[Date "2023.05.09"]
[WhiteClock "0:00:00"]
[BlackClock "0:00:10"]

1. e4 e5 2. Nf3 Nf6 3. d4 Nxe4 4. Bd3 d5 5. dxe5 Nc5 6. O-O Be7 7. Nc3 Nxd3 8. Qxd3 c6 9. Bd2 O-O 10. Rae1 Na6 11. Nd4 Nc5 12. Qg3 Kh8 13. Re2 f5 14. f4 Ne6 15. Nf3 d4 16. Nd1 c5 17. b3 b6 18. c4 Bb7 19. Nf2 Qd7 20. Nd3 Qc6 21. Qh3 a6 22. Nh4 Bxh4 23. Qxh4 b5 24. Rf3 bxc4 25. bxc4 Qa4 26. Rh3 h6 27. Be1 Qxc4 28. Rb2 Qd5 29. Rg3 c4 30. Nb4 Qe4 31. Bf2 Nxf4 32. Kh1 c3 33. Rc2 a5 34. Rxg7 Kxg7 35. Qg3+ Kh7 0-1


[Site "https://www.chess.com"]

[Event "Titled Tuesday Blitz May 9 Early 2023"]
[White "Luberanski, Jakub"]
[Black "Sreyas Payyappat"]
[WhiteFideId "21830509"]
[BlackFideId "46674969"]
[WhiteElo "2255"]
[BlackElo "2043"]
[Result "0-1"]
[Round "04"]
[TimeControl "180+2"]
[Date "2023.05.09"]
[WhiteClock "0:00:53"]
[BlackClock "0:00:19"]

1. e4 c6 2. d4 d5 3. Nd2 dxe4 4. Nxe4 Nf6 5. Nxf6+ exf6 6. Be2 Bd6 7. Bf3 O-O 8. Be3 Re8 9. Ne2 Nd7 10. O-O Nf8 11. c4 Ng6 12. c5 Bc7 13. d5 cxd5 14. Bxd5 Bg4 15. Qb3 Qe7 16. Nc3 Rad8 17. Bxb7 Rb8 18. c6 Qe5 19. g3 Nh4 20. Bf4 Nf3+ 21. Kg2 Qh5 22. h4 Bxf4 23. gxf4 Bh3+ 24. Kxh3 Qxh4+ 25. Kg2 Qg4+ 26. Kh1 Qh3# 0-1


[Site "https://www.chess.com"]

[Event "Titled Tuesday Blitz May 9 Early 2023"]
[White "Rottenwohrer Suarez, Juan"]
[Black "wqws"]
[WhiteFideId "32068182"]
[WhiteElo "2174"]
[BlackElo "2543"]
[Result "1-0"]
[Round "04"]
[TimeControl "180+2"]
[Date "2023.05.09"]
[WhiteClock "0:00:04"]
[BlackClock "0:00:09"]

1. d4 Nf6 2. c4 e6 3. Nc3 Bb4 4. Qc2 O-O 5. a3 Bxc3+ 6. Qxc3 b6 7. Nf3 Bb7 8. Bg5 d6 9. e3 Nbd7 10. b4 h6 11. Bh4 a5 12. Be2 Re8 13. Qb2 g5 14. Bg3 Ne4 15. O-O f5 16. Nd2 Nxg3 17. hxg3 e5 18. Bf3 Bxf3 19. Nxf3 Qf6 20. dxe5 Nxe5 21. Nxe5 Qxe5 22. Qxe5 Rxe5 23. Rfc1 Re4 24. Rab1 axb4 25. axb4 Ra4 26. c5 Rexb4 27. Rxb4 Rxb4 28. cxd6 cxd6 29. Rc6 Rb1+ 30. Kh2 b5 31. Rxd6 Kg7 32. Rd5 Kf6 33. Rd6+ Kg7 34. Rd5 Kf6 35. Rd6+ Ke5 36. Rxh6 g4 37. f3 b4 38. fxg4 fxg4 39. Rh4 Re1 40. Rxg4 b3 41. Rb4 Rxe3 42. g4 Kd5 43. g5 Kc5 44. Rb8 Kc4 45. g6 Re7 46. Rc8+ Kd3 47. Rd8+ Kc2 48. Rc8+ Kb1 49. Kg3 Rg7 50. Rc6 b2 51. Kh4 Ka2 52. Ra6+ Kb3 53. Rb6+ Kc2 54. Rc6+ Kd3 55. Rb6 Rxg6 56. Rxb2 Ke4 57. g4 Rg8 58. Rf2 Ke5 59. g5 Rh8+ 60. Kg4 Rh1 61. g6 Rg1+ 62. Kh5 Ke6 63. Kh6 Ke7 64. g7 Rh1+ 65. Kg6 Rg1+ 66. Kh7 Rh1+ 67. Kg8 Rg1 68. Re2+ Kd7 69. Kf8 Rf1+ 70. Kg8 Rg1 71. Re4 Kd6 72. Kf7 Rf1+ 73. Kg6 Rg1+ 74. Kf6 Rf1+ 75. Kg5 Rg1+ 76. Rg4 Rxg4+ 77. Kxg4 1-0


[Site "https://www.chess.com"]

[Event "Titled Tuesday Blitz May 9 Early 2023"]
[White "Thorhallsson, Simon"]
[Black "Gomes, Luiz Alexandre de Souza"]
[WhiteFideId "2310090"]
[BlackFideId "2102790"]
[WhiteElo "2108"]
[BlackElo "2382"]
[Result "0-1"]
[Round "04"]
[TimeControl "180+2"]
[Date "2023.05.09"]
[WhiteClock "0:00:14"]
[BlackClock "0:00:51"]

1. e4 c5 2. Nc3 e6 3. Nge2 a6 4. g3 Nc6 5. Bg2 d6 6. d4 cxd4 7. Nxd4 Qc7 8. O-O Nf6 9. Re1 Be7 10. h3 Bd7 11. Nxc6 Bxc6 12. a4 O-O 13. a5 Rac8 14. Be3 Nd7 15. Ne2 Rfd8 16. Nd4 Qb8 17. c4 Ne5 18. b3 Be8 19. f4 Nc6 20. Qd2 Nxd4 21. Bxd4 Bc6 22. b4 d5 23. exd5 Bd7 24. Qb2 Bf8 25. Be5 Qa7+ 26. Kh2 exd5 27. Bxd5 Bf5 28. Rad1 b6 29. Bd4 Rxd5 30. Bxb6 Rxd1 31. Rxd1 Qb7 32. b5 axb5 33. Qxb5 Be6 34. c5 Qf3 35. Rf1 Qc3 36. Rf2 Bxc5 37. Bxc5 Qxc5 38. Qxc5 Rxc5 39. Rb2 h6 40. a6 Ra5 41. Rb6 Ra2+ 42. Kg1 Bxh3 0-1


[Site "https://www.chess.com"]

[Event "Titled Tuesday Blitz May 9 Early 2023"]
[White "Frolyanov, Dmitry"]
[Black "Harriott, Tyrell"]
[WhiteFideId "4151976"]
[BlackFideId "2086484"]
[WhiteElo "2395"]
[BlackElo "2107"]
[Result "1-0"]
[Round "04"]
[TimeControl "180+2"]
[Date "2023.05.09"]
[WhiteClock "0:00:31"]
[BlackClock "0:00:20"]

1. d4 e6 2. c4 d5 3. Nc3 f5 4. Nf3 c6 5. Bf4 Ne7 6. e3 Ng6 7. Bd3 Be7 8. O-O O-O 9. Rc1 Nd7 10. Qc2 Nf6 11. cxd5 cxd5 12. Nb5 Nxf4 13. exf4 Bd7 14. Ne5 a6 15. Nc3 Be8 16. Rfe1 b5 17. a3 Qb6 18. Ne2 Bd6 19. Red1 Bh5 20. Qc6 Qb8 21. Nd7 Nxd7 22. Qxd7 Rf6 23. Rc6 Bxf4 24. Rxe6 Ra7 25. Qxd5 Bf7 26. Nxf4 Qxf4 27. Re8# 1-0


[Site "https://www.chess.com"]